 Dungeon Crawl Stone Soup version 0.31-a0-1338-gb567cfdca4 (webtiles) character file.

Game seed: 2311977496923896316

83 croobank the Shooter (level 4, -1/34 HPs)
             Began as a Human Hunter on Dec 21, 2023.
             Killed from afar by Sigmund (5 damage)
             ... with a puff of flame
             ... on level 2 of the Dungeon.
             The game lasted 00:05:03 (1103 turns).

croobank the Shooter (Human Hunter)                 Turns: 1103, Time: 00:05:03

Health: -1/34      AC:  3    Str: 12    XL:     4   Next: 44%
Magic:  4/4        EV: 12    Int:  9    God:
Gold:   106        SH:  0    Dex: 18    Spells: 2/3 levels left

rFire   . . .        a - +1 dagger (vamp)
rCold   . . .        (no shield)
rNeg    . . .        c - +0 leather armour
rPois   .            (no helmet)
rElec   .            (no cloak)
rCorr   .            (no gloves)
SInv    .            (no boots)
Will    .....        (no amulet)
Stlth   ++           (no ring)
HPRegen 0.25/turn    (no ring)
MPRegen 0.09/turn

%: no passive effects
@: no status effects
A: explore regen
a: no special abilities


You were on level 2 of the Dungeon.
You visited 1 branch of the dungeon, and saw 2 of its levels.

You collected 106 gold pieces.

Inventory:

Hand Weapons
 a - a +1 vampiric dagger (weapon)
 b - a +0 shortbow
 g - a +0 mace
Armour
 c - a +0 leather armour (worn)
Magical Staves
 n - a staff of conjuration
Jewellery
 i - a +6 ring of intelligence
 k - a ring of magical power
Talismans
 f - a flux talisman
Scrolls
 d - a scroll of fog {unknown}
 j - 3 scrolls of enchant armour {unknown}
 l - a scroll of teleportation {unknown}
 m - a scroll of amnesia {unknown}


   Skills:
 + Level 2.8 Fighting
 + Level 4.4 Ranged Weapons
 + Level 2.8 Dodging
 + Level 2.3 Stealth


You had 2 spell levels left.
You knew the following spells:

 Your Spells              Type           Power      Damage    Failure   Level
a - Apportation           Tloc           0%         N/A       45%         1

Your spell library contained the following spells:

 Spells                   Type           Power      Damage    Failure   Level
 Jinxbite                 Hex            0%         N/A       61%         2
 Alistair's Intoxication  Alch           0%         N/A       100%        5


Dungeon Overview and Level Annotations

Branches:
Dungeon (2/15)

Altars:

Annotations:
D:2 Sigmund


Innate Abilities, Weirdness & Mutations

You regain HP and MP as you explore.


Message History

Your butterfly disappears in a burst of colours!
Fire: b) +0 shortbow
Press: ? - help, Q - select action, (/) - cycle Shift-Dir - straight line, f/p - dart slug
Aim: a dart slug (moderately wounded, ally target, 94% to hit)
You shoot an arrow.
You hear a shout!
Your butterfly disappears in a burst of colours! x2
You hear some strange, mumbled words.
A puff of flame appears from out of thin air!
The puff of flame misses you. The puff of flame hits your butterfly.
Your butterfly dies!
Your butterfly disappears in a burst of colours!
Fire: b) +0 shortbow
Press: ? - help, Q - select action, (/) - cycle Shift-Dir - straight line, f/p - dart slug
Aim: a dart slug (moderately wounded, ally target, 94% to hit)
You shoot an arrow. The arrow hits the dart slug.
The dart slug is heavily wounded.
Something completely misses you.
Fire: b) +0 shortbow
Press: ? - help, Q - select action, (/) - cycle Shift-Dir - straight line, f/p - dart slug
Aim: a dart slug (heavily wounded, ally target, 94% to hit)
You shoot an arrow. The arrow hits the dart slug.
You kill the dart slug!
Your butterfly disappears in a burst of colours!
Something hits you.
Fire: b) +0 shortbow
Press: ? - help, Q - select action, (/) - cycle Shift-Dir - straight line You shoot an arrow.
You hear some strange, mumbled words.
A puff of flame appears from out of thin air!
The puff of flame hits you!
* * * LOW HITPOINT WARNING * * *
You aren't carrying any potions.
You feel a sense of dread.
a - a +1 vampiric dagger (weapon)
You miss something.
You hear some strange, mumbled words.
A puff of flame appears from out of thin air!
The puff of flame hits you.
You die...

.# #.......# ##
#.##.#### .## #.##.#
..### ####.##.#
....####.......#
.........###b###
#####......#b####
......##.bbb.b..#####
#......###bbbb.b@{.)#
..####...bb.bbb.###b.#
.##
#####.##bb......... ##
#####..b.####### .
##......### ##..###.##
#..## #.# #.#####.#
####.# #...# ########


There were no monsters in sight!

Vanquished Creatures
  Jessica (D:2)
  An adder (D:2)
  A worm (D:2)
  2 dart slugs (D:2)
  An endoplasm (D:1)
  5 goblins
  4 hobgoblins
  7 jackals
  4 quokkas
  2 ball pythons
  2 bats
  3 frilled lizards (D:1)
  5 kobolds
  A rat (D:1)
39 creatures vanquished.

Notes
Turn   | Place    | Note
-------+----------+-------------------------------------------
     0 | D:1      | croobank the Human Hunter began the quest for the Orb.
     0 | D:1      | Reached XP level 1. HP: 16/16 MP: 1/1
   114 | D:1      | Reached XP level 2. HP: 22/22 MP: 2/2
   462 | D:1      | Reached XP level 3. HP: 28/28 MP: 3/3
   649 | D:2      | Learned a level 1 spell: Apportation
   857 | D:2      | Noticed Jessica
   859 | D:2      | Killed Jessica
   860 | D:2      | Reached XP level 4. HP: 34/34 MP: 4/4
  1069 | D:2      | Noticed Sigmund
  1103 | D:2      | Killed from afar by Sigmund

Illustrated notes

Levels and vault maps discovered:
D:1:      matt_arrival_grand_opening, layout_rooms
D:2:      layout_rooms, kennysheep_generic_room_11, uniq_sigmund, uniq_jessica

Skill      XL: |  1  2  3 |
---------------+----------+-----
Stealth        | 2 |  2.3
Fighting       | |  2.8
Ranged Weapons | |  4.4
Dodging        | |  2.8

Action                     |  1- 3 |  4- 6 || total
---------------------------+-------+-------++-------
  Melee: Dagger            |       |     1 ||     1
   Fire: Shortbow          |    87 |    39 ||   126
    Use: Potion            |       |     2 ||     2
         Scroll            |       |     1 ||     1
 Armour: Leather armour    |    28 |    17 ||    45
  Dodge: Dodged            |    37 |     5 ||    42

Table legend: (Time is in decaauts)
 A = Elapsed time spent in this place.
 B = Non-inter-level travel time spent in this place.
 C = Inter-level travel time spent in this place.
 D = Time resting spent in this place.
 E = Time spent auto-exploring this place.
 F = Levels seen in this place.
 G = Mean time per level.
                   A        B        C        D        E       F      G
               +--------+--------+--------+--------+--------+-----+--------+
         Total |   1131 |   1131 |      0 |     15 |    836 |   2 |  565.5 |
       Dungeon |   1131 |   1131 |      0 |     15 |    836 |   2 |  565.5 |
               +--------+--------+--------+--------+--------+-----+--------+

Top non-repeatable levels by time:
     D:1: 608 daAuts
     D:2: 523 daAuts
